 Dungeon Crawl Stone Soup version 0.32-a0-630-g46d191b0ed (webtiles) character file.

Game seed: 7611707947387751532

6124 Esekla the Covert (level 10, -2/54 (69) HPs)
             Began as an Octopode Delver on Mar 6, 2024.
             Was an Initiate of Gozag.
             Slain by Sonja
             ... wielding a +2 dagger of draining
              (9 damage)
             ... on level 1 of the Orcish Mines.
             The game lasted 00:54:29 (11141 turns).

Esekla the Covert (Octopode Delver)                Turns: 11141, Time: 00:54:29

HP:   -2/54 (69)    AC:  1    Str: 11    XL:     10   Next: 89%
MP:   9/18          EV: 15    Int: 17    God:    Gozag
Gold: 918           SH:  0    Dex: 14    Spells: 12/20 levels left

rFire   + . .        a - +3 scimitar
rCold   x . .        (no shield)
rNeg    . . .        (helmet restricted)
rPois   .            (no amulet)
rElec   .            g - ring of fire
rCorr   .            (no ring)
SInv    .            (no ring)
Will    .....        (no ring)
Stlth   ++++++       (no ring)
HPRegen 0.29/turn    (no ring)
MPRegen 0.16/turn    (no ring)
                     (no ring)

%: no passive effects
@: heavily drained
A: almost no armour, amphibious, 8 rings, camouflage 1, gelatinous body 1,
(nimble swimmer 1), tentacles
a: Renounce Religion, Potion Petition, Call Merchant, Bribe Branch


You were on level 1 of the Orcish Mines.
You worshipped Gozag.
Gozag was pleased with you.
You visited 3 branches of the dungeon, and saw 11 of its levels.
You also visited: Sewer.

You collected 1963 gold pieces.
You spent 500 gold pieces at shops.
You paid 545 gold pieces to Gozag.

Inventory:

Hand Weapons
 a - a +3 scimitar (weapon)
 r - the +0 trident of Kyaxaplu {drain, rC+ MP+9}
   (You found it on level 4 of the Dungeon)

   rC+:       It protects you from cold.
   MP+9:      It affects your magic capacity (+9).
 s - a +2 vampiric dagger
Missiles
 i - 3 poisoned darts
 t - 19 boomerangs (quivered)
 C - 2 curare-tipped darts
Jewellery
 g - a ring of fire (left tentacle)
Wands
 f - a wand of digging (5)
 h - a wand of paralysis (5)
 q - a wand of flame (17)
 z - a wand of iceblast (2)
 F - a wand of light (7)
Scrolls
 b - 3 scrolls of fog
 d - 3 scrolls of fear
 j - a scroll of poison {unknown}
 o - 2 scrolls of amnesia {unknown}
 p - 11 scrolls of teleportation {unknown}
 x - a scroll of revelation
 y - 2 scrolls of noise {unknown}
 A - a scroll of butterflies {unknown}
 G - a scroll of blinking {unknown}
 H - a scroll of silence {unknown}
 J - a scroll of vulnerability {unknown}
Potions
 c - a potion of invisibility
 e - 2 potions of haste
 k - 2 potions of lignification
 l - 2 potions of cancellation
 m - 2 potions of attraction
 n - 2 potions of enlightenment
 u - 3 potions of heal wounds
 v - 3 potions of magic
 w - 2 potions of might
 B - 3 potions of resistance
 D - a potion of ambrosia
 E - a potion of berserk rage


   Skills:
 * Level 6.6 Fighting
 + Level 1.9(4.3) Short Blades
 + Level 6.1(6.3) Long Blades
 + Level 2.2 Throwing
 * Level 5.5 Dodging
 + Level 11.7 Stealth
 * Level 5.6 Spellcasting
 * Level 5.3 Conjurations
 * Level 4.9 Necromancy
 + Level 2.3 Translocations


You had 12 spell levels left.
You knew the following spells:

 Your Spells              Type           Power      Damage    Failure   Level
d - Vampiric Draining     Necr           21%        2d7       5%          3
i - Iskenderun's Mystic   Conj/Tloc      17%        2d5       28%         4
p - Apportation           Tloc           24%        N/A       4%          1

Your spell library contained the following spells:

 Spells                   Type           Power      Damage    Failure   Level
 Sublimation of Blood     Necr           21%        N/A       2%          2
 Slow                     Hex            16%        N/A       14%         1
 Jinxbite                 Hex            8%         N/A       21%         2
 Confusing Touch          Hex            4%         N/A       38%         3
 Sigil of Binding         Hex            4%         N/A       38%         3
 Tukima's Dance           Hex            4%         N/A       38%         3
 Anguish                  Hex/Necr       6%         N/A       43%         4
 Dimensional Bullseye     Hex/Tloc       4%         N/A       63%         4
 Vhi's Electric Charge    Tloc/Air       16%        N/A       63%         4
 Arcjolt                  Conj/Air       6%         1d16      77%         5
 Irradiate                Conj/Alch      6%         3d13      77%         5
 Cause Fear               Hex            2%         N/A       80%         4
 Petrify                  Alch/Erth      4%         N/A       80%         4
 Alistair's Intoxication  Alch           2%         N/A       98%         5
 Yara's Violent Unravell  Hex/Alch       2%         3d3       98%         5
 Enfeeble                 Hex            2%         N/A       100%        7
 Maxwell's Capacitive Co  Air            2%         ∞         100%        8


Dungeon Overview and Level Annotations

Branches:
Dungeon (9/15)             Temple (1/1) D:4             Orc (1/2) D:9
  Sewer (visited)
   Lair: D:8-11

Altars:
Ashenzari
Cheibriados
Dithmenos
Elyvilon
Fedhas
Gozag
Hepliaklqana
Kikubaaqudgha
Makhleb
Nemelex Xobeh
Okawaru
Qazlal
Ru
Sif Muna
Trog
Uskayaw
Vehumet
Wu Jian
Xom
Yredelemnul
Zin
The Shining One
Beogh

Shops:
D:4 :   D:7 =

Annotations:
D:3 2 transporters
Orc:1 Sonja


Innate Abilities, Weirdness & Mutations

You cannot wear most types of armour.
You are amphibious.
You can wear up to eight rings at the same time.
Your skin changes colour to match your surroundings (Stealth+).
Your rubbery body absorbs attacks. (AC +1, EV +1)
((You are camouflaged when in or above water. (Stealth+)))
You have tentacles for arms and can constrict up to eight enemies at once.


Message History

You feel drained.
Sonja hits you with a +2 dagger of draining.
You feel drained.
You completely miss Sonja. Your grab misses Sonja.
Sonja is lightly wounded.
Sonja hits you with a +2 dagger of draining!
You feel drained.
Sonja hits you with a +2 dagger of draining.
You feel drained. Sonja closely misses you.
Sonja bows elegantly.
Sonja misses you.
Sonja hits you with a +2 dagger of draining.
You feel drained. Sonja misses you.
Casting: Vampiric Draining (dangerous; 5% risk of failure)
Confirm with . or Enter, or press ? or * to list all spells.
Aiming: Vampiric Draining (dangerous; 5% risk of failure)
Press: ? - help, Shift-Dir - straight line, f/p - Sonja
Aim: Sonja, wielding a +2 dagger of draining and quivering curare-tipped darts (lightly wounded)
You draw life force from Sonja!
You feel life coursing into your body. Sonja completely misses you.
Sonja hits you with a +2 dagger of draining.
You feel drained.
Sonja hits you with a +2 dagger of draining!
You feel drained.
* * * LOW HITPOINT WARNING * * *
Casting: Vampiric Draining (dangerous; 5% risk of failure)
Confirm with . or Enter, or press ? or * to list all spells.
Aiming: Vampiric Draining (dangerous; 5% risk of failure)
Press: ? - help, Shift-Dir - straight line, f/p - Sonja
Aim: Sonja, wielding a +2 dagger of draining and quivering curare-tipped darts (heavily wounded)
You draw life force from Sonja.
You feel life coursing into your body.
Sonja hits you with a +2 dagger of draining!
* * * LOW HITPOINT WARNING * * *
You feel drained.
* * * LOW HITPOINT WARNING * * *
Sonja misses you. Sonja barely misses you.
Sonja hits you with a +2 dagger of draining!
You die...
Sonja applauds herself.
Your body crumbles into a pile of gold.

#### #
#.####..#.##
......>@...#
........K......
...............
..............#
...............
............#.#
......##..... #
.....# ......


You could see Sonja.

Vanquished Creatures
  A cyclops (D:9)
  Maurice (D:8)
  An ugly thing (D:9)
  A kobold demonologist (D:8)
  Prince Ribbit (D:8)
  2 hornets (D:9)
  A troll (D:7)
  Sigmund (D:2)
  A wyvern (D:8)
  Grum (D:8)
  A steam dragon (D:8)
  2 water moccasins (D:7)
  2 black bears (D:5)
  An ogre (D:9)
  4 orc warriors
  3 wolves (D:8)
  2 centaurs (D:8)
  A phantom (D:5)
  Blork the orc (D:4)
  A scorpion (D:5)
  4 bullfrogs
  3 wights (D:8)
  3 killer bees (D:8)
  2 bombardier beetles (D:5)
  Crazy Yiuf (D:7)
  4 hounds (D:6)
  2 jellies
  8 orc priests
  3 gnoll boudas
  Jessica (D:2)
  2 iguanas
  5 orc wizards
  A sleepcap (D:5)
  Natasha (thrice) (D:3)
  Robin (D:2)
  9 gnolls
  13 adders
  A shadow imp (D:8)
  2 white imps (D:7)
  An ufetubus (D:6)
  2 ribbon worms (D:3)
  9 dart slugs
  35 orcs
  8 endoplasms
  11 giant cockroaches
  12 goblins
  8 hobgoblins
  4 jackals
  8 kobolds
  4 quokkas
  10 ball pythons
  5 bats
  10 frilled lizards
  7 rats
231 creatures vanquished.

Vanquished Creatures (others)
  An orc wizard (D:9)
1 creature vanquished.

Grand Total: 232 creatures vanquished

Notes
Turn   | Place    | Note
-------+----------+-------------------------------------------
     0 | D:5      | Esekla the Octopode Delver began the quest for the Orb.
     0 | D:5      | Reached XP level 1. HP: 16/16 MP: 1/1
    56 | D:5      | Noticed a bombardier beetle
    86 | D:5      | Noticed a bombardier beetle
    88 | D:5      | Found an opulent altar of Gozag.
   130 | D:5      | Noticed a sleepcap
   154 | D:5      | Noticed a black bear
   195 | D:5      | Became a worshipper of Gozag Ym Sagoz the Greedy
   300 | D:3      | Noticed Natasha
   408 | D:3      | Noticed an orc priest
   444 | D:3      | Reached XP level 2. HP: 21/21 MP: 2/2
   596 | D:3      | Reached skill level 7 in Stealth
   596 | D:3      | Reached XP level 3. HP: 12/26 MP: 2/4
   609 | D:3      | Found a glowing drain.
   653 | Sewer    | Entered a sewer
   734 | Sewer    | Reached XP level 4. HP: 31/31 MP: 5/5
   745 | Sewer    | Reached skill level 1 in Spellcasting
   912 | Sewer    | Noticed a bullfrog
  1026 | Sewer    | Reached XP level 5. HP: 28/36 MP: 7/7
  1102 | Sewer    | Reached skill level 8 in Stealth
  1102 | Sewer    | Reached XP level 6. HP: 16/43 MP: 8/8
  1348 | D:3      | Killed Natasha
  1359 | D:3      | Noticed Natasha
  1365 | D:3      | Killed Natasha
  1437 | D:3      | Found a transporter.
  1549 | D:3      | Found a transporter.
  1573 | D:3      | Found an ancient bone altar of Kikubaaqudgha.
  1580 | D:3      | Found a broken altar of Ashenzari.
  1737 | D:2      | Noticed Jessica
  1942 | D:2      | Killed Jessica
  1988 | D:2      | Noticed Sigmund
  3087 | D:2      | Noticed Robin
  3106 | D:2      | Killed Robin
  3107 | D:2      | Reached XP level 7. HP: 32/48 MP: 10/10
  3150 | D:2      | Found a faded altar of an unknown god.
  3203 | D:2      | Killed Sigmund
  3319 | D:3      | Noticed Natasha
  3322 | D:3      | Killed Natasha
  3519 | D:4      | Found a staircase to the Ecumenical Temple.
  3544 | D:4      | Identified the +0 trident of Kyaxaplu {drain, rC+ MP+9}
  3572 | Temple   | Entered the Ecumenical Temple
  3631 | D:4      | Learned a level 4 spell: Iskenderun's Mystic Blast
  3829 | D:4      | Noticed Blork the orc
  3834 | D:4      | Killed Blork the orc
  3890 | D:4      | Found Guathrekh's Book Emporium.
  3899 | D:4      | Bought a book of Debilitation for 280 gold pieces
  3903 | D:4      | Learned a level 3 spell: Vampiric Draining
  4269 | D:5      | Reached skill level 1 in Short Blades
  4346 | D:5      | Reached skill level 9 in Stealth
  4528 | D:5      | Reached XP level 8. HP: 54/54 MP: 12/12
  4863 | D:5      | Reached skill level 1 in Conjurations
  4872 | D:5      | Reached skill level 1 in Translocations
  5454 | D:5      | Reached skill level 5 in Long Blades
  5454 | D:5      | Reached skill level 1 in Necromancy
  5893 | D:6      | Reached skill level 10 in Stealth
  6405 | D:6      | Reached XP level 9. HP: 56/60 MP: 14/14
  6454 | D:6      | Found a sparkling altar of Nemelex Xobeh.
  6454 | D:6      | Found a hazy altar of Hepliaklqana.
  6762 | D:4      | Bought a book of Party Tricks for 220 gold pieces
  6764 | D:4      | Learned a level 1 spell: Apportation
  7138 | D:7      | Noticed a troll
  7262 | D:7      | Reached skill level 5 in Fighting
  7882 | D:7      | Killed a troll
  7976 | D:7      | Found a runed translucent door.
  7977 | D:7      | Noticed Crazy Yiuf
  7983 | D:7      | Killed Crazy Yiuf
  8211 | D:7      | Found a shimmering blue altar of Sif Muna.
  8211 | D:7      | Found a stormy altar of Qazlal.
  8216 | D:7      | Found an iron altar of Okawaru.
  8220 | D:7      | Found a shimmering altar of Xom.
  8221 | D:7      | Found a sacrificial altar of Ru.
  8383 | D:8      | Noticed a kobold demonologist
  8405 | D:8      | Killed a kobold demonologist
  8406 | D:8      | Reached skill level 1 in Throwing
  8905 | D:8      | Noticed Grum
  8908 | D:8      | Reached XP level 10. HP: 67/67 MP: 17/17
  8914 | D:8      | Killed Grum
  8915 | D:8      | Reached skill level 11 in Stealth
  8915 | D:8      | Reached skill level 5 in Spellcasting
  9079 | D:8      | Noticed Maurice
  9085 | D:8      | Killed Maurice
  9086 | D:8      | Reached skill level 5 in Dodging
  9609 | D:8      | Noticed Prince Ribbit
  9615 | D:8      | Killed Prince Ribbit
 10422 | D:9      | Noticed a red ugly thing
 10431 | D:9      | Killed a red ugly thing
 10463 | D:9      | Reached skill level 5 in Conjurations
 10575 | D:9      | Noticed a cyclops
 10580 | D:9      | Killed a cyclops
 10598 | D:9      | Found a staircase to the Orcish Mines.
 10738 | D:9      | Found a roughly hewn altar of Beogh.
 11068 | Orc:1    | Entered Level 1 of the Orcish Mines
 11068 | Orc:1    | Noticed Sonja
 11141 | Orc:1    | Slain by Sonja

Illustrated notes

Levels and vault maps discovered:
D:1:      heliophobic_arrival_henge, layout_loops_ring, minmay_tromino_v4_a
D:2:      layout_rooms, shapermc_ecumenical_altar_venn, due_unseen_surprise,
          uniq_robin, uniq_sigmund, uniq_jessica
D:3:      gammafunk_wand_slinger, layout_basic,
          mainiacjoe_overflow_large_starburst, cheibrodos_sewer_entry_bend,
          uniq_natasha
D:4:      layout_loops_cross, minmay_temple_entry_waves, serial_shops, shop,
          uniq_blork_the_orc
D:5:      kennysheep_spiral_hall, layout_layer_cave,
          nicolae_gozag_cash_rules_everything_around_me
D:6:      layout_loops_ring, gammafunk_temple_overflow_statue,
          kennysheep_generic_room_7
D:7:      layout_loops_ring, chequers_temple_overflow_minitemple,
          uniq_crazy_yiuf_cottage
D:8:      layout_basic, uniq_maurice, uniq_grum, uniq_prince_ribbit1
D:9:      layout_basic, minmay_orc_entry_temple_small, minmay_microvault
Temple:   nicolae_temple_slightly_damp_pantheon
Orc:1:    layout_caves, uniq_sonja, uniq_erica

Skill      XL: |  1  2  3  4  5  6  7  8  9 10 |
---------------+-------------------------------+-----
Stealth        | 7 8 9 10 11 | 11.7
Spellcasting   | 1 2 3 4 5 |  5.6
Dodging        | 3 4 5 |  5.5
Long Blades    | 3 4 5 6 |  6.1
Fighting       | 4 5 6 |  6.6
Short Blades   | 1 |  1.9
Conjurations   | 3 4 5 |  5.3
Translocations | 2 |  2.3
Necromancy     | 1 4 |  4.9
Throwing       | 1 2 |  2.2

Action                     |  1- 3 |  4- 6 |  7- 9 | 10-12 || total
---------------------------+-------+-------+-------+-------++-------
  Melee: Falchion          |    30 |   145 |   108 |    14 ||   297
         Constrict         |     8 |    39 |    39 |    20 ||   106
         Tentacles         |     7 |    33 |    46 |    19 ||   105
         Dagger            |       |    12 |    67 |    15 ||    94
         Scimitar          |       |       |       |    39 ||    39
  Throw: Boomerang         |       |       |     9 |     4 ||    13
         Dart              |       |       |     7 |     5 ||    12
   Cast: Vampiric Draining |       |       |    14 |     9 ||    23
 Invoke: Call Merchant     |       |       |     1 |       ||     1
  Evoke: Wand              |       |     1 |       |       ||     1
    Use: Scroll            |     1 |       |    13 |     1 ||    15
         Potion            |       |       |     3 |     1 ||     4
   Stab: Sleeping          |    10 |    17 |    29 |    10 ||    66
         Distracted        |       |     2 |     1 |     1 ||     4
 Armour: Skin              |     4 |    64 |   101 |    50 ||   219
  Dodge: Dodged            |    10 |    82 |   115 |    55 ||   262

Table legend: (Time is in decaauts)
 A = Elapsed time spent in this place.
 B = Non-inter-level travel time spent in this place.
 C = Inter-level travel time spent in this place.
 D = Time resting spent in this place.
 E = Time spent auto-exploring this place.
 F = Levels seen in this place.
 G = Mean time per level.
                   A        B        C        D        E       F      G
               +--------+--------+--------+--------+--------+-----+--------+
         Total |  11154 |  10586 |    568 |   2593 |   2813 |  12 |  929.5 |
       Dungeon |  10545 |   9977 |    568 |   2367 |   2813 |   9 | 1171.7 |
        Temple |     20 |     20 |      0 |     14 |      0 |   1 |   20.0 |
  Orcish Mines |      7 |      7 |      0 |      0 |      0 |   1 |    7.0 |
         Sewer |    580 |    580 |      0 |    212 |      0 |   1 |  580.0 |
               +--------+--------+--------+--------+--------+-----+--------+

Top non-repeatable levels by time:
     D:5: 1967 daAuts
     D:8: 1799 daAuts
     D:7: 1413 daAuts
     D:3: 1314 daAuts
     D:9: 1034 daAuts
     D:6: 956 daAuts
     D:1: 720 daAuts
     D:2: 705 daAuts
     D:4: 634 daAuts
   Sewer: 580 daAuts
  Temple: 20 daAuts
   Orc:1: 7 daAuts
